 Seeded DCSS version 0.28-a0-1567-g1695149f81 (webtiles) character file.

Game seed: 263 (custom seed)

277 knot the Chopper (level 6, -1/70 HPs)
             Began as a Demonspawn Berserker on Jan 20, 2022.
             Was a Follower of Trog.
             Succumbed to a scorpion's poison
             ... on level 4 of the Dungeon.
             The game lasted 00:02:54 (4741 turns).

knot the Chopper (Demonspawn Berserker)             Turns: 4741, Time: 00:02:55

Health: -1/70      AC:  6    Str: 17    XL:     6   Next: 4%
Magic:  6/6        EV: 11    Int: 16    God:    Trog [*.....]
Gold:   202        SH:  0    Dex: 13    Spells: 5/5 levels left

rFire   . . .      SeeInvis .   a - +0 hand axe
rCold   . . .      Faith    .   (no shield)
rNeg    . . .      Spirit   .   r - +0 ring mail
rPois   .          Reflect  .   s - +0 helmet
rElec   .          Harm     .   (no cloak)
rCorr   .          Rampage  .   (no gloves)
Will    .....                   (no boots)
Stlth   ..........              q - amulet of the acrobat
HPRegen 0.21/turn               (no ring)
MPRegen 0.10/turn               (no ring)

@: berserking, lethally poisoned (-1 -> -23), very quick
A: claws 1, big brain 3
a: Renounce Religion, Berserk


You were on level 4 of the Dungeon.
You worshipped Trog.
Trog was aware of your devotion.
You visited 1 branch of the dungeon, and saw 4 of its levels.

You collected 202 gold pieces.

Inventory:

Hand Weapons
 a - a +0 hand axe (weapon)
Missiles
 d - 134 stones (quivered)
 g - 35 sling bullets
 h - 9 poisoned darts
 n - 5 javelins
Armour
 r - a +0 ring mail (worn)
 s - a +0 helmet (worn)
Jewellery
 q - an amulet of the acrobat (around neck)
Wands
 o - a wand of mindburst (15)
Scrolls
 b - a scroll of teleportation {unknown}
 e - a scroll of fear {unknown}
 f - a scroll of immolation {unknown}
 i - 2 scrolls of vulnerability {unknown}
 j - a scroll of fog {unknown}
 l - a scroll of amnesia {unknown}
 m - 3 scrolls of identify {unknown}
Potions
 c - a potion of attraction {unknown}
 k - a potion of heal wounds {unknown}
 p - a potion of brilliance {unknown}
 t - a potion of haste {unknown}


   Skills:
 - Level 3.0 Fighting
 + Level 6.2 Axes
 - Level 1.7 Armour
 - Level 1.7 Dodging


You had 5 spell levels left.
You didn't know any spells.
Your spell library contained the following spells:

 Spells                   Type           Power      Damage    Failure   Level
 Animate Skeleton         Necr           0%         N/A       17%         1
 Beastly Appendage        Tmut           0%         N/A       17%         1
 Pain                     Necr           0%         1d4       17%         1
 Wereblood                Tmut           0%         N/A       26%         2
 Call Canine Familiar     Summ           0%         N/A       45%         3
 Portal Projectile        Hex/Tloc       0%         N/A       45%         3
 Spider Form              Tmut/Pois      0%         N/A       45%         3
 Vampiric Draining        Necr           0%         2d6       45%         3
 Leda's Liquefaction      Hex/Erth       0%         N/A       85%         4


Dungeon Overview and Level Annotations

Branches:
Dungeon (4/15)
 Temple: D:4-7

Altars:
Makhleb
Nemelex Xobeh
Qazlal
Sif Muna


Innate Abilities, Weirdness & Mutations

You have sharp fingernails.
You have an absolutely massive brain. (Int +6, Wiz)


Message History

You hit the scorpion.
The scorpion is heavily wounded.
The scorpion closely misses you. x2
You slash the scorpion!
The scorpion is almost dead.
The scorpion stings you!
You are poisoned.
The scorpion poisons you!
You barely miss the scorpion.
The scorpion is almost dead.
You feel very sick. The scorpion stings you.
A red film seems to cover your vision as you go berserk!
You feel yourself moving faster!
You feel mighty!
You feel very sick. The scorpion barely misses you.
You closely miss the scorpion.
The scorpion is almost dead.
You feel sick. The scorpion stings you.
* * * LOW HITPOINT WARNING * * *
You closely miss the scorpion.
The scorpion is almost dead.
You feel sick. The scorpion stings you!
* * * LOW HITPOINT WARNING * * *
You are lethally poisoned!
The scorpion poisons you!
You barely miss the scorpion.
The scorpion is almost dead.
* * * LOW HITPOINT WARNING * * *
You feel very sick. The scorpion stings you.
* * * LOW HITPOINT WARNING * * *
You are more poisoned.
The scorpion poisons you!
You are too berserk!
Unknown command.
You slash the scorpion!
You kill the scorpion!
Trog accepts your kill.
You die...

#....#
#........##.#
######
#........##.#
###########.#
#.# #.# #.#
######### #.#
........#####.#
.......@......#
........#######
#########


There were no monsters in sight!

Vanquished Creatures
  A phantom (D:3)
  A bullfrog (D:3)
  A scorpion (D:4)
  An iguana (D:4)
  4 gnolls (D:3)
  2 adders (D:2)
  An adder skeleton (D:4)
  A worm (D:2)
  3 orcs (D:3)
  2 endoplasms
  3 giant cockroaches
  6 hobgoblins
  7 kobolds
  2 quokkas (D:2)
  4 ball pythons
  A bat (D:3)
  8 frilled lizards
  6 goblins
  2 rats
56 creatures vanquished.

Vanquished Creatures (others)
  11 plants (D:4)
11 creatures vanquished.

Grand Total: 67 creatures vanquished

Notes
Turn   | Place    | Note
-------+----------+-------------------------------------------
     0 | D:1      | knot the Demonspawn Berserker began the quest for the Orb.
     0 | D:1      | Reached XP level 1. HP: 18/18 MP: 1/1
   378 | D:1      | Reached skill level 3 in Axes
   380 | D:1      | Found a faded altar of an unknown god.
   454 | D:1      | Gained mutation: You have an unusually large brain. (Int
                  | +2) [demonic ancestry]
   454 | D:1      | Reached XP level 2. HP: 24/24 MP: 2/2
  1267 | D:2      | Found a burning altar of Makhleb.
  1443 | D:2      | Reached XP level 3. HP: 29/29 MP: 3/3
  1444 | D:2      | Reached ** piety under Trog
  1448 | D:2      | Reached skill level 4 in Axes
  2723 | D:3      | Gained mutation: You have an extremely huge brain. (Int +4)
                  | [demonic ancestry]
  2723 | D:3      | Reached XP level 4. HP: 35/35 MP: 4/4
  2933 | D:3      | Noticed a phantom
  2945 | D:3      | Killed a phantom
  2946 | D:3      | Reached skill level 5 in Axes
  2946 | D:3      | Gained mutation: You have sharp fingernails. [demonic
                  | ancestry]
  2946 | D:3      | Reached XP level 5. HP: 7/41 MP: 5/5
  3479 | D:3      | Found a sparkling altar of Nemelex Xobeh.
  3510 | D:3      | Reached skill level 6 in Axes
  3866 | D:3      | Found a stormy altar of Qazlal.
  4321 | D:4      | Found a shimmering blue altar of Sif Muna.
  4331 | D:4      | Gained mutation: You have an absolutely massive brain. (Int
                  | +6, Wiz) [demonic ancestry]
  4331 | D:4      | Reached XP level 6. HP: 29/47 MP: 6/6
  4740 | D:4      | HP: 2/70 [scorpion (6)]
  4741 | D:4      | Succumbed to a scorpion's poison

Illustrated notes

Levels and vault maps discovered:
D:1:      mrwooster_arrival_statue_2, layout_basic,
          ebering_ecumenical_altar_mist, minmay_lizard_pond
D:2:      layout_rooms, basic_altar
D:3:      layout_basic, nicolae_qazlal_eye_of_the_storm, lemuel_crystal_altar,
          moated_statue
D:4:      layout_basic, nicolae_overflow_crystal_walls, serial_bayou_lake_a

Skill      XL: |  1  2  3  4  5 |
---------------+----------------+-----
Axes           | 3 4 5 6 |  6.2
Fighting       | |  3.0
Armour         | |  1.7
Dodging        | |  1.7

Action                   |  1- 3 |  4- 6 || total
-------------------------+-------+-------++-------
Melee: Hand axe          |    86 |   107 ||   193
       Punch             |     2 |     2 ||     4
Invok: Berserk           |     5 |     4 ||     9
       Trog's Hand       |     1 |       ||     1
 Stab: Sleeping          |     1 |     2 ||     3
Armor: Animal skin       |     8 |    15 ||    23
       Ring mail         |       |     5 ||     5
Dodge: Dodged            |    56 |    62 ||   118

Table legend: (Time is in decaauts)
 A = Elapsed time spent in this place.
 B = Non-inter-level travel time spent in this place.
 C = Inter-level travel time spent in this place.
 D = Time resting spent in this place.
 E = Time spent auto-exploring this place.
 F = Levels seen in this place.
 G = Mean time per level.
                   A        B        C        D        E       F      G
               +--------+--------+--------+--------+--------+-----+--------+
         Total |   4828 |   4524 |    304 |   1655 |   2426 |   4 | 1207.0 |
       Dungeon |   4828 |   4524 |    304 |   1655 |   2426 |   4 | 1207.0 |
               +--------+--------+--------+--------+--------+-----+--------+

Top non-repeatable levels by time:
     D:3: 1630 daAuts
     D:2: 1604 daAuts
     D:1: 1268 daAuts
     D:4: 324 daAuts
